 Dungeon Crawl Stone Soup version 0.29-a0-716-gf28ee254f9 (webtiles) character file.

Game seed: 9730479087179211636

420 KristoblXynda the Trooper (level 6, -2/56 HPs)
             Began as a Draconian Monk on June 25, 2022.
             Killed by divine providence
             ... invoked by an orc priest
              (17 damage)
             ... on level 5 of the Dungeon.
             The game lasted 00:05:02 (4788 turns).

KristoblXynda the Trooper (Draconian Monk)          Turns: 4788, Time: 00:05:03

Health: -2/56      AC:  8    Str: 13    XL:     6   Next: 62%
Magic:  6/6        EV: 14    Int: 12    God:
Gold:   179        SH:  5    Dex: 16    Spells: 5/5 levels left

rFire   . . .      SeeInvis .     - Unarmed
rCold   . . .      Faith    .   (no shield)
rNeg    . . .      Spirit   .   (body armour unavailable)
rPois   .          Reflect  +   (helmet restricted)
rElec   .          Harm     .   (no cloak)
rCorr   +          Rampage  .   e - +1 pair of gloves of Furuss {rCorr Int+2}
Will    .....                   (no boots)
Stlth   ++........              k - amulet of reflection
HPRegen 0.18/turn               (no ring)
MPRegen 0.10/turn               (no ring)

@: no status effects
A: AC +6, unfitting armour, cold-blooded
a: no special abilities


You were on level 5 of the Dungeon.
You visited 1 branch of the dungeon, and saw 5 of its levels.

You collected 179 gold pieces.

Inventory:

Missiles
 u - 6 javelins (quivered)
Armour
 e - the +1 pair of gloves of Furuss (worn) {rCorr Int+2}
   (You found it on level 4 of the Dungeon)

   Int:       It affects your intelligence (+2).
   rCorr:     It protects you from acid and corrosion.
Jewellery
 k - an amulet of reflection (around neck)
Wands
 p - a wand of mindburst (24)
 q - a wand of iceblast (12)
Scrolls
 a - a scroll of immolation {unknown}
 c - 2 scrolls of magic mapping {unknown}
 d - 2 scrolls of silence
 f - 4 scrolls of enchant weapon
 i - a scroll of blinking {unknown}
 j - a scroll of noise {unknown}
 l - a scroll of teleportation {unknown}
 o - 4 scrolls of vulnerability {unknown}
 r - a scroll of poison {unknown}
 s - 2 scrolls of fog {unknown}
Potions
 b - a potion of degeneration {unknown}
 g - 3 potions of curing
 h - a potion of lignification {unknown}
 m - 3 potions of resistance
 n - 2 potions of mutation


   Skills:
 + Level 5.3 Fighting
 + Level 1.4 Throwing
 + Level 4.4 Dodging
 - Level 1.7 Stealth
 + Level 4.8 Unarmed Combat


You had 5 spell levels left.
You didn't know any spells.
Your spell library contained the following spells:

 Spells                   Type           Power      Damage    Failure   Level
 Slow                     Hex            0%         N/A       32%         1
 Confusing Touch          Hex            0%         N/A       69%         3
 Vampiric Draining        Necr           0%         2d6       69%         3


Dungeon Overview and Level Annotations

Branches:
Dungeon (5/15)             Temple (0/1) D:5

Altars:
Elyvilon


Innate Abilities, Weirdness & Mutations

Your plain brown scales are hard. (AC +6)
You cannot fit into any form of body armour.
You are cold-blooded and may be slowed by cold attacks.


Message History

The orc throws a silver boomerang.
You reflect the silver boomerang off an invisible shield around you!
The silver boomerang barely misses the orc.
You are too injured to fight recklessly!
You are too injured to fight recklessly!
You are too injured to fight recklessly!
You are too injured to fight recklessly!
You are too injured to fight recklessly!
You are too injured to fight recklessly!
You are too injured to fight recklessly!
You are too injured to fight recklessly!
You are too injured to fight recklessly!
You are too injured to fight recklessly!
You are too injured to fight recklessly!
You are too injured to fight recklessly!
You are too injured to fight recklessly!
You are too injured to fight recklessly!
You are too injured to fight recklessly!
You are too injured to fight recklessly!
You are too injured to fight recklessly!
You are too injured to fight recklessly!
You are too injured to fight recklessly!
You are too injured to fight recklessly!
You are too injured to fight recklessly!
You are too injured to fight recklessly!
You are too injured to fight recklessly!
You are too injured to fight recklessly!
You are too injured to fight recklessly!
You are too injured to fight recklessly!
You are too injured to fight recklessly!
Unknown command.
The gnoll attacks as you move away! The gnoll hits you with a +0 halberd!
* * * LOW HITPOINT WARNING * * *
The gnoll completely misses you.
The orc throws a silver boomerang.
The silver boomerang hits you but does no damage.
* * * LOW HITPOINT WARNING * * *
The orc priest invokes the aid of Beogh against you.
Beogh smites you!
You die...

........<...#.# #.#
....#.#....##.# #.#
..##.#....##.# #.#
#.##....####.#######.###
##.##.............).....#
†#..|...........<######.#
.................######.#
.........................
.#../..#+####...@........
.....###.................
...#.# #.####.##og.......
...#.# #.##.........
#..#)# #.##.o.......
#..#.. #)##...o.....
...### #.##.#...#... ...
#.####.##...#....
##....?.##...#....


You could see an orc priest, an orc wizard, a gnoll and an orc.

Vanquished Creatures
  A necrophage (D:5)
  A scorpion (D:5)
  A hound (D:4)
  A jelly (D:4)
  2 orc wizards
  An iguana (D:5)
  4 gnolls
  4 adders
  A worm (D:3)
  3 dart slugs
  8 orcs
  3 ball pythons
  A bat (D:2)
  8 endoplasms
  2 giant cockroaches
  5 goblins
  5 hobgoblins
  5 jackals (D:1)
  7 quokkas
  3 frilled lizards
  10 kobolds
  2 rats (D:1)
78 creatures vanquished.

Vanquished Creatures (others)
  A demonic plant (D:1)
  A plant (D:4)
2 creatures vanquished.

Grand Total: 80 creatures vanquished

Notes
Turn   | Place    | Note
-------+----------+-------------------------------------------
     0 | D:1      | KristoblXynda the Draconian Monk began the quest for the
                  | Orb.
     0 | D:1      | Reached XP level 1. HP: 19/19 MP: 1/1
   182 | D:1      | Reached XP level 2. HP: 26/26 MP: 2/2
   334 | D:1      | Found a white marble altar of Elyvilon.
   773 | D:1      | Found a faded altar of an unknown god.
   782 | D:1      | Reached XP level 3. HP: 33/33 MP: 3/3
  1458 | D:2      | Reached skill level 4 in Fighting
  1737 | D:2      | Reached XP level 4. HP: 40/40 MP: 4/4
  2849 | D:4      | Reached XP level 5. HP: 35/47 MP: 5/5
  3294 | D:4      | Identified the +1 pair of gloves of Furuss {rCorr Int+2}
  3615 | D:5      | Entered Level 5 of the Dungeon
  3769 | D:5      | Reached skill level 5 in Fighting
  3769 | D:5      | Reached XP level 6. HP: 44/56 MP: 6/6
  3779 | D:5      | Reached skill level 1 in Throwing
  3897 | D:5      | Found a staircase to the Ecumenical Temple.
  4788 | D:5      | Killed from afar by an orc priest

Illustrated notes

Levels and vault maps discovered:
D:1:      minmay_arrival_four_houses, layout_loops_ring,
          shapermc_ecumenical_altar_gd, minmay_hexomino_r4
D:2:      layout_loops_ring, serial_glass, glass_columns_a, glass_columns_c,
          feat_on_display, feat_on_display, item_on_display_a
D:3:      layout_basic
D:4:      layout_gridville, serial_forest, infiniplex_forest_end_1,
          infiniplex_forest_split, infiniplex_forest_straight_1,
          infiniplex_forest_lined_corner, infiniplex_forest_diagonal
D:5:      layout_basic, minmay_temple_entry_arrows, minmay_misc_feat_five

Skill      XL: |  1  2  3  4  5  6 |
---------------+-------------------+-----
Dodging        | 3 4 |  4.4
Fighting       | 4 5 |  5.3
Unarmed Combat | 4 |  4.8
Throwing       | 1 |  1.4
Stealth        | |  1.7

Action                   |  1- 3 |  4- 6 || total
-------------------------+-------+-------++-------
Melee: Unarmed           |   141 |   196 ||   337
       Tailslap          |    22 |    29 ||    51
       Punch             |     4 |     4 ||     8
  Use: Potion            |       |     3 ||     3
       Scroll            |       |     5 ||     5
 Stab: Sleeping          |     6 |     4 ||    10
Armor: Skin              |    31 |    38 ||    69
Dodge: Dodged            |    76 |   105 ||   181
Block: Other             |       |    36 ||    36
       Reflection        |       |     1 ||     1

Table legend: (Time is in decaauts)
 A = Elapsed time spent in this place.
 B = Non-inter-level travel time spent in this place.
 C = Inter-level travel time spent in this place.
 D = Time resting spent in this place.
 E = Time spent auto-exploring this place.
 F = Levels seen in this place.
 G = Mean time per level.
                   A        B        C        D        E       F      G
               +--------+--------+--------+--------+--------+-----+--------+
         Total |   4772 |   4572 |    200 |   1002 |   2722 |   5 |  954.4 |
       Dungeon |   4772 |   4572 |    200 |   1002 |   2722 |   5 |  954.4 |
               +--------+--------+--------+--------+--------+-----+--------+

Top non-repeatable levels by time:
     D:3: 1364 daAuts
     D:4: 1080 daAuts
     D:1: 1005 daAuts
     D:2: 981 daAuts
     D:5: 341 daAuts
